[Event "January 2 Late 2024"]
[Site "https://www.chess.com"]
[Date "2024.01.02"]
[Round "5"]
[White "Makaraci, Tunahan"]
[Black "Vifleemskaia, Svetlana"]
[Result "1-0"]
[Board "139"]
[TimeControl "180+1"]
[WhiteFideId "6356559"]
[BlackFideId "4129490"]
[WhiteElo "2515"]
[BlackElo "2244"]
[WhiteTeam "TUR"]
[BlackTeam "RUS"]
[WhiteClock "0:00:30"]
[BlackClock "0:00:00"]

1. e4 e5 2. Nc3 Nf6 3. f4 d5 4. fxe5 Nxe4 5. Qf3 Nxc3 6. dxc3 Be7 7. Bf4 Be6 8. O-O-O c6 9. Qg3 g5 10. Be3 Qa5 11. a3 Nd7 12. Nf3 h6 13. Nd4 O-O-O 14. Nxe6 fxe6 15. Qh3 Nf8 16. Bd3 c5 17. Rhf1 c4 18. Be2 Bxa3 19. bxa3 Qxa3+ 20. Kd2 d4 21. Bxd4 Kb8 22. Ra1 Qc5 23. Ke1 Rxd4 24. cxd4 Qxd4 25. Rd1 Qxe5 26. Rd8+ Kc7 27. Rfxf8 Rxf8 28. Rxf8 Qa5+ 29. c3 Qc5 30. Qg3+ Kb6 31. Qf2 1-0

[Event "January 2 Late 2024"]
[Site "https://www.chess.com"]
[Date "2024.01.02"]
[Round "5"]
[White "Arlo2024"]
[Black "Jimenez Almeida, Luis David"]
[Result "0-1"]
[Board "140"]
[TimeControl "180+1"]
[BlackFideId "22242244"]
[WhiteElo "2239"]
[BlackElo "2514"]
[BlackTeam "ESP"]
[WhiteClock "0:00:00"]
[BlackClock "0:00:11"]

1. e4 c5 2. Nc3 e6 3. g3 d5 4. exd5 exd5 5. Bg2 Nf6 6. Nge2 d4 7. Ne4 Be7 8. O-O O-O 9. c3 Nc6 10. cxd4 cxd4 11. d3 Bg4 12. h3 Bh5 13. g4 Bg6 14. N2g3 Re8 15. f4 Bxe4 16. Nxe4 Nd5 17. Bd2 Qb6 18. Qb3 Ne3 19. Qxb6 axb6 20. Bxe3 dxe3 21. Rfe1 Nd4 22. Rab1 e2 23. Nc3 Bh4 24. Be4 Bxe1 25. Rxe1 Ra7 26. Nxe2 Nxe2+ 27. Rxe2 g6 28. a3 Kg7 29. f5 gxf5 30. gxf5 Kf6 31. Rc2 Re7 32. Rc8 Ra5 33. Kf2 Rc5 34. Rh8 Kg7 35. f6+ Kxf6 36. Rxh7 Rc2+ 37. Ke3 Rxb2 38. h4 Rh2 39. h5 Re5 40. Rh6+ Kg7 41. Rxb6 Rhxh5 42. Rxb7 Ra5 43. Kf4 Rxa3 44. Bd5 Rxd5 0-1

[Event "January 2 Late 2024"]
[Site "https://www.chess.com"]
[Date "2024.01.02"]
[Round "5"]
[White "Berezin, Viktor"]
[Black "Tagliati, Eleonore"]
[Result "1/2-1/2"]
[Board "141"]
[TimeControl "180+1"]
[WhiteFideId "14107872"]
[BlackFideId "45172234"]
[WhiteElo "2514"]
[BlackElo "2208"]
[WhiteTeam "UKR"]
[BlackTeam "FRA"]
[WhiteClock "0:00:03"]
[BlackClock "0:00:07"]

1. d4 d5 2. c4 e6 3. Nf3 Nf6 4. g3 dxc4 5. Bg2 Nc6 6. O-O Rb8 7. a4 Be7 8. e3 O-O 9. Qe2 Na5 10. Nfd2 c5 11. dxc5 Bxc5 12. Na3 Qd3 13. Qxd3 cxd3 14. Nac4 Nxc4 15. Nxc4 b6 16. Rd1 Ba6 17. Ne5 Rbd8 18. Nc6 Rd7 19. b4 Be7 20. b5 Bb7 21. Nxe7+ Rxe7 22. Ba3 Rd7 23. Bxb7 Rxb7 24. Bxf8 Kxf8 25. Rxd3 Ne4 26. a5 Nc5 27. Rda3 bxa5 28. Rxa5 Nb3 29. Rxa7 Rxb5 30. Rb1 g6 31. Ra3 Nd4 32. Rxb5 Nxb5 33. Rb3 Nd6 34. Kg2 Kg7 35. h4 h5 36. f3 Kf6 37. g4 Nc4 38. Rc3 Ne5 39. Kg3 Nd7 40. Rc7 Nb6 41. Rb7 Nd5 42. e4 Ne3 43. gxh5 gxh5 44. Ra7 Nc4 45. f4 Nd2 46. e5+ Kg6 47. Rb7 Ne4+ 48. Kf3 Nc5 49. Rb8 Nd3 50. Rg8+ Kh6 51. Rg1 Nc5 52. f5 exf5 53. Kf4 Ne6+ 54. Kxf5 Nd4+ 55. Kf6 Nf3 56. Rg3 Nxh4 57. Kxf7 Nf5 58. Rg8 h4 59. e6 Kh5 60. Kf6 Nh6 61. Rg1 Ng4+ 62. Kf7 Ne5+ 63. Kf8 Nc6 64. Rc1 Ne5 65. e7 Ng6+ 66. Kf7 Nxe7 67. Kxe7 Kg4 68. Ke6 h3 69. Ke5 Kg3 70. Ke4 h2 71. Ke3 Kg2 72. Rc2+ Kg1 73. Rc1+ Kg2 74. Ke2 h1=Q 75. Rxh1 Kxh1 1/2-1/2

[Event "January 2 Late 2024"]
[Site "https://www.chess.com"]
[Date "2024.01.02"]
[Round "5"]
[White "Yushko, Olga"]
[Black "Shapiro, Viktor"]
[Result "0-1"]
[Board "142"]
[TimeControl "180+1"]
[WhiteFideId "14114500"]
[BlackFideId "4175700"]
[WhiteElo "2207"]
[BlackElo "2513"]
[WhiteTeam "UKR"]
[BlackTeam "RUS"]
[WhiteClock "0:00:08"]
[BlackClock "0:00:16"]

1. d4 Nf6 2. c4 c5 3. d5 e6 4. Nc3 exd5 5. cxd5 d6 6. e4 g6 7. Nf3 Bg7 8. Bd3 O-O 9. h3 b5 10. Nxb5 Nxe4 11. Bxe4 Re8 12. Nd2 f5 13. O-O fxe4 14. Nc4 Ba6 15. Nbxd6 Rf8 16. Be3 Nd7 17. Qa4 Bxc4 18. Qxc4 Bxb2 19. Rab1 Ne5 20. Qxe4 Qxd6 21. Rxb2 Rae8 22. Qc2 Qxd5 23. Rd1 Qc4 24. Bxc5 Qxc2 25. Rxc2 Rc8 26. Bxf8 Rxc2 27. Bd6 Nc4 28. a3 Ra2 29. Bc5 a5 30. Rd8+ Kf7 31. Ra8 h5 32. Ra6 h4 33. Ra7+ Ke6 34. Ra6+ Kf5 35. Be7 Ra1+ 36. Kh2 g5 37. Rc6 Nd2 38. Rc5+ Ke6 39. g3 hxg3+ 40. Kxg3 Ne4+ 41. Kg4 Nxc5 42. Bxc5 Rg1+ 43. Kf3 Kf5 44. Bd6 a4 45. Bb4 Rb1 46. Bc5 Rb3+ 47. Kg2 Ke4 48. Be7 Kf5 49. Bd6 Kg6 50. Be7 Kh5 51. Bd6 Rd3 52. Bc5 g4 53. hxg4+ Kxg4 54. Be7 Kf5 55. Bb4 Ke4 56. Be7 Kd5 57. f3 Ke6 58. Bb4 Kf5 59. Bc5 Kf4 60. Bb4 Ke3 61. Kg3 Ke2 62. Kg2 Rxf3 63. Bc5 Rc3 64. Bd6 Rc4 65. Be7 Kd3 66. Kf3 Kc2 67. Ke2 Re4+ 68. Kf3 Rxe7 0-1

[Event "January 2 Late 2024"]
[Site "https://www.chess.com"]
[Date "2024.01.02"]
[Round "5"]
[White "Gabdushev, Ruslan"]
[Black "Kovacevic, Radmila"]
[Result "1/2-1/2"]
[Board "143"]
[TimeControl "180+1"]
[WhiteFideId "4137833"]
[BlackFideId "933171"]
[WhiteElo "2432"]
[BlackElo "2177"]
[WhiteTeam "RUS"]
[BlackTeam "SRB"]
[WhiteClock "0:00:26"]
[BlackClock "0:00:12"]

1. c4 e5 2. g3 Nc6 3. Bg2 f5 4. Nc3 Nf6 5. d3 a6 6. e3 Bb4 7. Ne2 O-O 8. a3 Be7 9. O-O d6 10. Nd5 Nxd5 11. cxd5 Nb8 12. Qc2 Nd7 13. Bd2 Nf6 14. Rac1 Bd7 15. f4 Rc8 16. fxe5 dxe5 17. Qb3 Bd6 18. Rc2 b6 19. Bb4 Qe8 20. Rfc1 Ba4 21. Qc3 Bxb4 22. Qxb4 a5 23. Qc4 Bxc2 24. Rxc2 Qf7 25. Nc3 Rfd8 26. Rf2 Ng4 27. Rf3 g6 28. e4 c6 29. dxc6 Qxc4 30. dxc4 fxe4 31. Rf1 Ne3 32. Re1 Nxg2 33. Kxg2 Rd2+ 34. Kh3 Rxc6 35. Rxe4 Rxb2 36. Nd5 Kg7 37. Rxe5 Rxc4 38. Re7+ Kf8 39. Rxh7 Rcc2 40. Rb7 Rxh2+ 41. Kg4 Rhd2 42. Nf4 Rd6 43. a4 Rb4 44. Kg5 Rxa4 45. Nxg6+ Rxg6+ 46. Kxg6 Rg4+ 47. Kf6 Kg8 48. Rxb6 Rxg3 49. Ra6 Ra3 50. Kg6 Rg3+ 51. Kf6 Rf3+ 52. Kg6 Rg3+ 53. Kf6 1/2-1/2

[Event "January 2 Late 2024"]
[Site "https://www.chess.com"]
[Date "2024.01.02"]
[Round "5"]
[White "Ghosh, Chanchal Kumer"]
[Black "Chiu, Isaac"]
[Result "1-0"]
[Board "144"]
[TimeControl "180+1"]
[WhiteFideId "10201858"]
[BlackFideId "30900654"]
[WhiteElo "2122"]
[BlackElo "2730"]
[WhiteTeam "BAN"]
[BlackTeam "USA"]
[WhiteClock "0:00:43"]
[BlackClock "0:00:15"]

1. e4 e6 2. Nf3 d5 3. Nc3 Nf6 4. e5 Nfd7 5. d4 c5 6. Bg5 Qb6 7. dxc5 Bxc5 8. Qd2 Nc6 9. Bb5 a6 10. Bxc6 Qxc6 11. Ne2 b5 12. c3 a5 13. O-O Ba6 14. Rfe1 O-O 15. Ng3 Kh8 16. Nh5 Rg8 17. Qf4 Raf8 18. Qh4 b4 19. Bd2 Bd3 20. Ng5 Be7 21. Nf4 Bf5 22. g4 Bxg5 23. Qxg5 Bg6 24. h4 bxc3 25. Bxc3 d4 26. Bxd4 Qf3 27. Re3 Qb7 28. h5 Be4 29. Qe7 Bc6 30. h6 gxh6 31. Rg3 Qb4 32. Qxb4 axb4 33. Rc1 Ba8 34. Rc7 Rd8 35. Nh5 Nxe5 36. Bxe5+ f6 37. Bxf6+ Rg7 38. Bxg7+ Kg8 39. Nf6# 1-0

[Event "January 2 Late 2024"]
[Site "https://www.chess.com"]
[Date "2024.01.02"]
[Round "5"]
[White "Durarbayli, Vasif"]
[Black "Perossa, Nicolas"]
[Result "1-0"]
[Board "145"]
[TimeControl "180+1"]
[WhiteFideId "13402935"]
[BlackFideId "2850520"]
[WhiteElo "2799"]
[BlackElo "2411"]
[WhiteTeam "AZE"]
[BlackTeam "ITA"]
[WhiteClock "0:00:18"]
[BlackClock "0:00:00"]

1. e4 e5 2. Nf3 Nc6 3. Bb5 Bc5 4. c3 Nf6 5. O-O Nxe4 6. d4 Bb6 7. Qe2 Nd6 8. Nxe5 O-O 9. Bd3 f6 10. Qh5 f5 11. Bf4 Qe8 12. Qh3 Ne4 13. Nxc6 dxc6 14. f3 Nd6 15. Nd2 Qf7 16. Rae1 Be6 17. b3 Rae8 18. Kh1 c5 19. dxc5 Bxc5 20. Be5 Bb6 21. f4 Bd5 22. Nf3 Ne4 23. Bxe4 Bxe4 24. Ng5 Qg6 25. Nxe4 fxe4 26. Qg3 Qxg3 27. hxg3 e3 28. Kh2 Rf7 29. g4 Rd7 30. Re2 Rd2 31. Rxd2 exd2 32. Rd1 Be3 33. Kg3 g5 34. Bxc7 gxf4+ 35. Bxf4 Bxf4+ 36. Kxf4 Re1 37. Rxd2 Rf1+ 38. Kg5 Ra1 39. Rd8+ Kg7 40. Rd7+ Kg8 41. Rxb7 Rxa2 42. g3 Ra5+ 43. Kf6 Ra6+ 44. Kf5 Rc6 45. c4 a6 46. g5 Rc5+ 47. Kf6 Rc6+ 48. Kf5 Rc5+ 49. Kf4 Rc6 50. g4 Kh8 51. Kf5 Rc5+ 52. Kf6 Rc6+ 53. Ke5 Kg8 54. Rd7 Rg6 55. Kf5 Rb6 56. Rd3 Kg7 57. Rc3 Kg8 58. c5 Rc6 59. Ke5 Kf7 60. Kd5 Rg6 61. c6 Rxg5+ 62. Kd6 Rg6+ 63. Kd7 Rxg4 64. c7 Rd4+ 65. Kc6 1-0

[Event "January 2 Late 2024"]
[Site "https://www.chess.com"]
[Date "2024.01.02"]
[Round "5"]
[White "Hamitevici, Vladimir"]
[Black "Teimouri Yadkuri, Shahdad"]
[Result "1-0"]
[Board "146"]
[TimeControl "180+1"]
[WhiteFideId "13902393"]
[BlackFideId "42515467"]
[WhiteElo "2647"]
[BlackElo "2399"]
[WhiteTeam "MDA"]
[BlackTeam "IRI"]
[WhiteClock "0:00:06"]
[BlackClock "0:00:00"]

1. Nf3 Nf6 2. c4 e6 3. Nc3 d5 4. cxd5 exd5 5. d4 Be7 6. Bf4 O-O 7. e3 c6 8. Qc2 Bg4 9. Ne5 Bh5 10. Bd3 Nbd7 11. h3 Nxe5 12. dxe5 Ne4 13. Nxe4 dxe4 14. Bxe4 Qa5+ 15. Kf1 Bg6 16. Kg1 Rfd8 17. Bxg6 hxg6 18. e6 fxe6 19. Qxg6 Qf5 20. Qxf5 exf5 21. Be5 Rd2 22. g3 Rad8 23. Kg2 c5 24. Bc3 R2d3 25. h4 b5 26. a3 c4 27. h5 Kh7 28. Bd4 Bf6 29. Bxf6 gxf6 30. Rh4 Kh6 31. a4 a6 32. axb5 axb5 33. Ra6 Rf8 34. Rf4 Kg5 35. Rc6 Rb3 36. Rc5 Rxb2 37. Rcxf5+ Kh6 38. Rc5 Rb3 39. Rg4 c3 40. Rg6+ Kh7 41. Rc7+ Kh8 42. Rh6+ Kg8 43. Rg6+ Kh8 44. Kf3 b4 45. Rh6+ Kg8 46. Rg6+ Kh8 47. Kf4 Rb2 48. f3 c2 49. Kf5 Rb3 50. Rh6+ Kg8 51. Kg6 1-0

[Event "January 2 Late 2024"]
[Site "https://www.chess.com"]
[Date "2024.01.02"]
[Round "5"]
[White "Gallegos Diaz, Carlos Alberto"]
[Black "Vlassov, Nikolai"]
[Result "1-0"]
[Board "147"]
[TimeControl "180+1"]
[WhiteFideId "3900886"]
[BlackFideId "4103360"]
[WhiteElo "2399"]
[BlackElo "2641"]
[WhiteTeam "VEN"]
[BlackTeam "FID"]
[WhiteClock "0:00:05"]
[BlackClock "0:00:00"]

1. e4 Nc6 2. Nf3 d5 3. d3 dxe4 4. dxe4 Qxd1+ 5. Kxd1 Bg4 6. Bd3 O-O-O 7. Ke2 Nd4+ 8. Ke3 Bxf3 9. gxf3 e5 10. c3 Ne6 11. Ke2 Ne7 12. Bc4 Ng6 13. Bxe6+ fxe6 14. Be3 Be7 15. Rg1 Rhf8 16. Nd2 Rf7 17. Rg4 Rdf8 18. Rag1 a6 19. a4 b6 20. R4g3 Kb7 21. Rh3 Nh4 22. Rg4 g5 23. Bxg5 Bxg5 24. Rxg5 Ng6 25. Rh6 Rd8 26. Rhxg6 hxg6 27. Rxg6 Rh7 28. Rxe6 Rxh2 29. Rxe5 Rg8 30. Nf1 Rh1 31. Ng3 Rb1 32. b4 Rb3 33. Kd3 Rb2 34. Ke3 Rc2 35. Ne2 Rd8 36. Rd5 Rxd5 37. exd5 Ra2 38. f4 Rxa4 39. f5 Kc8 40. f6 Kd7 41. Nd4 Ke8 42. Ne6 Kf7 43. Nxc7 Kxf6 44. Na8 b5 45. Nc7 Ke5 46. f4+ Kd6 47. Ne8+ Kxd5 48. Kd3 Ra1 49. Nf6+ Kd6 50. Ne4+ Ke6 51. Nc5+ Kf5 52. Kd4 Rd1+ 53. Ke3 Rd6 54. Kf3 Rh6 55. Ne4 Rh3+ 56. Ng3+ Ke6 57. Kg4 Rh2 58. Ne4 Rc2 59. Nc5+ Kf6 60. f5 Kf7 61. Ne4 Ra2 62. Kf4 Re2 63. Ke5 Re1 64. f6 Re2 65. Kf5 Re1 66. Ng5+ Kf8 67. Ne6+ Kf7 68. Ng5+ Ke8 69. Ne4 Kd7 70. f7 Rf1+ 71. Kg6 Ke7 72. Ng5 1-0

[Event "January 2 Late 2024"]
[Site "https://www.chess.com"]
[Date "2024.01.02"]
[Round "5"]
[White "Esmeraldas Huachi, Anderson"]
[Black "Caspi, Israel"]
[Result "0-1"]
[Board "148"]
[TimeControl "180+1"]
[WhiteFideId "3616363"]
[BlackFideId "2807394"]
[WhiteElo "2398"]
[BlackElo "2617"]
[WhiteTeam "ECU"]
[BlackTeam "ISR"]
[WhiteClock "0:00:00"]
[BlackClock "0:00:34"]

1. d4 Nf6 2. c4 e6 3. Nc3 d5 4. Bg5 c6 5. e3 Bb4 6. Qa4 Qa5 7. Qxa5 Bxa5 8. Bxf6 gxf6 9. cxd5 cxd5 10. Rc1 Bd7 11. Nf3 Nc6 12. a3 Rc8 13. b4 Nxb4 14. axb4 Bxb4 15. Kd2 Ke7 16. Bd3 Rc7 17. Ng1 Rhc8 18. Ne2 a5 19. e4 dxe4 20. Bxe4 f5 21. Bb1 Bb5 22. Bd3 Bc6 23. Ke3 Bxg2 24. Rhg1 f4+ 25. Nxf4 Bxc3 26. Nxg2 Bxd4+ 27. Kd2 Bxf2 28. Rxc7+ Rxc7 29. Rf1 Bd4 30. Bxh7 f5 31. Bxf5 exf5 32. Rxf5 Rc5 33. Rxc5 Bxc5 34. Kd3 b5 35. h4 a4 36. Nf4 Kd6 37. Ne2 b4 38. Kc4 b3 39. Kc3 Kd5 0-1

[Event "January 2 Late 2024"]
[Site "https://www.chess.com"]
[Date "2024.01.02"]
[Round "5"]
[White "Bernat, David"]
[Black "Palchuk, Andrii"]
[Result "0-1"]
[Board "149"]
[TimeControl "180+1"]
[WhiteFideId "2099225"]
[BlackFideId "14176688"]
[WhiteElo "2365"]
[BlackElo "2556"]
[WhiteTeam "USA"]
[BlackTeam "UKR"]
[WhiteClock "0:00:01"]
[BlackClock "0:00:38"]

1. c4 Nf6 2. Nc3 e6 3. e4 e5 4. Nf3 Nc6 5. d4 exd4 6. Nxd4 d6 7. Be2 g6 8. Be3 Bg7 9. O-O O-O 10. f3 Re8 11. Qd2 Nd7 12. Rad1 a6 13. Nd5 Nce5 14. b3 c6 15. Nc3 Qc7 16. f4 Nc5 17. fxe5 Bxe5 18. Nf3 Bg7 19. Bd4 Bf8 20. Qf4 Ne6 21. Qg3 Nxd4 22. Nxd4 Qb6 23. Kh1 Kh8 24. Rxf7 Qc5 25. Qh4 Bg7 26. Na4 Qe5 27. Nf3 Qxe4 28. Qxe4 Rxe4 29. Bd3 Re8 30. Nb6 Rb8 31. h3 Be6 32. Rf4 Rf8 33. Rxf8+ Rxf8 34. Ng5 Bg8 35. Rf1 Re8 36. Nf7+ Bxf7 37. Rxf7 Re1+ 38. Kh2 Be5+ 39. g3 Re3 40. Bf1 Rxg3 41. Kh1 Kg8 42. Rxb7 Bd4 43. Bd3 Rxd3 44. Nc8 c5 45. Ne7+ Kf8 46. Nd5 Rd1+ 47. Kg2 Rd2+ 48. Kf3 Rxa2 49. Rxh7 Bg7 50. Rh4 Be5 51. Rh7 Bg7 52. Rh4 g5 53. Re4 Rb2 54. Ne7 Rxb3+ 55. Kg4 Be5 56. Kf5 Kxe7 57. Kxg5 Rxh3 0-1

[Event "January 2 Late 2024"]
[Site "https://www.chess.com"]
[Date "2024.01.02"]
[Round "5"]
[White "Sokolov, Andrei"]
[Black "Shuvalov, Evgenij"]
[Result "0-1"]
[Board "150"]
[TimeControl "180+1"]
[WhiteFideId "11600306"]
[BlackFideId "4187237"]
[WhiteElo "2361"]
[BlackElo "2501"]
[WhiteTeam "LAT"]
[BlackTeam "FID"]
[WhiteClock "0:00:03"]
[BlackClock "0:00:48"]

1. d4 Nf6 2. c4 g6 3. Nc3 d5 4. Bd2 dxc4 5. Qa4+ Nc6 6. Qxc4 Qxd4 7. e3 Qxc4 8. Bxc4 a6 9. O-O-O Bg7 10. e4 O-O 11. f4 Bg4 12. Nf3 e6 13. h3 Bxf3 14. gxf3 Rfd8 15. Be3 Nh5 16. Ne2 Bh6 17. Rhg1 Ne5 18. Bb3 Nxf3 19. Rg4 Ne5 20. Rg2 Nd3+ 21. Kc2 Ndxf4 22. Nxf4 Bxf4 23. Bxf4 Nxf4 24. Rg3 Rxd1 25. Kxd1 Rd8+ 26. Kc2 Ne2 27. Re3 Nd4+ 28. Kc3 Nxb3 29. Kxb3 e5 30. Rc3 c6 31. Re3 Rd4 32. Kc3 f6 33. b3 Kf7 34. b4 Ke6 35. Kb3 f5 36. exf5+ gxf5 37. Ka4 c5 38. a3 cxb4 39. axb4 b6 40. Rc3 Kd6 41. Rg3 a5 42. Rg5 Rxb4+ 43. Ka3 Rh4 44. Rxf5 Rxh3+ 45. Ka4 Rh4+ 46. Kb5 Rb4+ 47. Ka6 Kd5 48. Rf7 h5 49. Rh7 h4 50. Rd7+ Ke4 51. Rh7 Kf3 52. Rf7+ Kg3 53. Rg7+ Rg4 54. Re7 h3 55. Rxe5 h2 56. Rh5 Rh4 57. Rxh4 Kxh4 58. Kxb6 a4 0-1

[Event "January 2 Late 2024"]
[Site "https://www.chess.com"]
[Date "2024.01.02"]
[Round "5"]
[White "Reprintsev, Alexander"]
[Black "Dubreuil, Julien"]
[Result "0-1"]
[Board "151"]
[TimeControl "180+1"]
[WhiteFideId "14100541"]
[BlackFideId "621285"]
[WhiteElo "2495"]
[BlackElo "2346"]
[WhiteTeam "UKR"]
[BlackTeam "FRA"]
[WhiteClock "0:00:05"]
[BlackClock "0:00:58"]

1. e4 e5 2. Nf3 Nc6 3. Bc4 Nf6 4. Ng5 d5 5. exd5 Na5 6. Bb5+ c6 7. dxc6 bxc6 8. Bd3 Nd5 9. h4 Qc7 10. Nc3 h6 11. Nxd5 cxd5 12. Bb5+ Nc6 13. Nh3 Rb8 14. a4 a6 15. Bxc6+ Qxc6 16. b3 d4 17. O-O Be7 18. c4 O-O 19. d3 Bxh4 20. Ba3 Re8 21. Qh5 Qf6 22. Bd6 Rxb3 23. c5 Bxh3 24. gxh3 Rxd3 25. Qg4 Rf3 26. Ra2 h5 27. Qg2 Rf5 28. Kh1 Rg5 29. Qc6 Re6 30. f4 Rg3 31. Rh2 e4 32. Qc8+ Kh7 33. Be5 Rxe5 0-1

[Event "January 2 Late 2024"]
[Site "https://www.chess.com"]
[Date "2024.01.02"]
[Round "5"]
[White "Hernando Rodrigo, Julio Antonio"]
[Black "Achuthan, Aryan"]
[Result "1-0"]
[Board "152"]
[TimeControl "180+1"]
[WhiteFideId "2208350"]
[BlackFideId "30982294"]
[WhiteElo "2491"]
[BlackElo "2327"]
[WhiteTeam "ESP"]
[BlackTeam "USA"]
[WhiteClock "0:01:33"]
[BlackClock "0:00:11"]

1. e4 e5 2. Nf3 Nc6 3. d4 exd4 4. Nxd4 Bc5 5. Nxc6 Qf6 6. f3 bxc6 7. Nc3 Ne7 8. Qe2 Bd4 9. Bd2 O-O 10. O-O-O a5 11. h4 a4 12. Bg5 Qe5 13. Bxe7 Ba6 14. Qe1 Bxc3 15. Qxc3 Qxe7 16. Bxa6 Rxa6 17. h5 h6 18. Rh3 d6 19. Rg3 f6 20. Qc4+ Kh8 21. Qxa6 Qe5 22. Rg4 f5 23. exf5 a3 24. Qxa3 1-0

[Event "January 2 Late 2024"]
[Site "https://www.chess.com"]
[Date "2024.01.02"]
[Round "5"]
[White "Garcia Almaguer, Juan Manuel"]
[Black "Romero Ruscalleda, Josep"]
[Result "1-0"]
[Board "153"]
[TimeControl "180+1"]
[WhiteFideId "5110491"]
[BlackFideId "2231859"]
[WhiteElo "2488"]
[BlackElo "2320"]
[WhiteTeam "MEX"]
[BlackTeam "ESP"]
[WhiteClock "0:00:50"]
[BlackClock "0:00:11"]

1. e4 g6 2. Nf3 Bg7 3. d4 d6 4. c3 Nf6 5. Bd3 O-O 6. h3 Nc6 7. Nbd2 e5 8. O-O exd4 9. cxd4 Re8 10. Re1 Bh6 11. Nf1 Bxc1 12. Rxc1 Kg7 13. Ng3 a6 14. Qd2 h6 15. Qc3 d5 16. e5 Ng8 17. Bc2 Be6 18. Ba4 Nge7 19. Nd2 Rb8 20. Bd1 Nf5 21. Nxf5+ Bxf5 22. Be2 Bd7 23. Bf3 Be6 24. Nb3 Qg5 25. Kf1 Rec8 26. Nc5 Ne7 27. Qa3 Nf5 28. Red1 Qf4 29. Qb4 Qh2 30. Ke2 a5 31. Qxa5 b6 32. Nxe6+ fxe6 33. Qa7 Qf4 34. Rxc7+ Kg8 35. Rxc8+ Rxc8 36. Qxb6 Rc2+ 37. Kf1 Ne3+ 38. fxe3 Qxe3 39. Qxe6+ Kg7 40. Qf6+ Kg8 41. Bxd5+ Kh7 42. Qf7+ Kh8 43. Qg8# 1-0

[Event "January 2 Late 2024"]
[Site "https://www.chess.com"]
[Date "2024.01.02"]
[Round "5"]
[White "Tikhonov, Viacheslav"]
[Black "Biernacki, Mark"]
[Result "0-1"]
[Board "154"]
[TimeControl "180+1"]
[WhiteFideId "44196407"]
[BlackFideId "2082322"]
[WhiteElo "2483"]
[BlackElo "2313"]
[WhiteTeam "RUS"]
[BlackTeam "USA"]
[WhiteClock "0:00:16"]
[BlackClock "0:00:06"]

1. d4 d5 2. c4 dxc4 3. Nf3 a6 4. e3 b5 5. a4 Bb7 6. b3 Nf6 7. bxc4 bxc4 8. Bxc4 e6 9. O-O Nbd7 10. Nc3 Be7 11. Rb1 Rb8 12. Qe2 O-O 13. Bxa6 Bxa6 14. Qxa6 Rxb1 15. Nxb1 Qa8 16. Qc4 c5 17. Nc3 cxd4 18. Qxd4 Rc8 19. Bd2 Nc5 20. Rb1 Rd8 21. Qc4 Rc8 22. Qb5 Nfd7 23. h3 Rb8 24. Qf1 Rxb1 25. Qxb1 Nxa4 26. Qb5 Nac5 27. g3 Qxf3 28. Ne2 h6 29. Nd4 Qd1+ 30. Kg2 Qxd2 31. Qc6 Bf8 32. Qc8 Ne5 33. h4 Ned3 34. Kf3 Qxf2+ 35. Kg4 Ne4 36. Qb8 Qxe3 37. Nf3 Qe2 38. Qa8 Nd2 39. Kh3 Qxf3 40. h5 Qxa8 41. g4 Qf3+ 42. Kh4 Qf2+ 43. Kh3 Qf3+ 44. Kh2 Qxg4 45. Kh1 Qxh5+ 46. Kg2 Qg4+ 47. Kh2 Nf3+ 48. Kh1 Qg1# 0-1

[Event "January 2 Late 2024"]
[Site "https://www.chess.com"]
[Date "2024.01.02"]
[Round "5"]
[White "Karas, Marek"]
[Black "Bazzano, Sebastian"]
[Result "1-0"]
[Board "155"]
[TimeControl "180+1"]
[WhiteFideId "14928558"]
[BlackFideId "104566"]
[WhiteElo "2465"]
[BlackElo "2303"]
[WhiteTeam "CZE"]
[BlackTeam "ARG"]
[WhiteClock "0:00:04"]
[BlackClock "0:00:00"]

1. e4 e6 2. d4 d5 3. e5 b6 4. c3 Qd7 5. Nf3 Ba6 6. Bxa6 Nxa6 7. O-O c5 8. Qe2 Nc7 9. Be3 c4 10. Nbd2 Ne7 11. Ne1 Nf5 12. Nc2 Be7 13. f4 h5 14. Bf2 Bh4 15. Bxh4 Nxh4 16. Ne3 Nf5 17. Nxf5 exf5 18. b3 cxb3 19. axb3 Ne6 20. Qe3 O-O 21. Rac1 Rfc8 22. Qd3 g6 23. Nf3 a5 24. g3 b5 25. c4 dxc4 26. bxc4 bxc4 27. Rxc4 Qd5 28. Ra4 Rd8 29. Rb1 Nc5 30. Qa3 Nxa4 31. Kf2 Qc6 32. Rc1 Qb5 33. Rc7 Qb2+ 34. Qxb2 Nxb2 35. Rc2 1-0

[Event "January 2 Late 2024"]
[Site "https://www.chess.com"]
[Date "2024.01.02"]
[Round "5"]
[White "Bhavikatti, Neil"]
[Black "Rodriguez Avila, Alvaro"]
[Result "1-0"]
[Board "156"]
[TimeControl "180+1"]
[WhiteFideId "30935024"]
[BlackFideId "24570249"]
[WhiteElo "2456"]
[BlackElo "2300"]
[WhiteTeam "USA"]
[BlackTeam "ESP"]
[WhiteClock "0:00:08"]
[BlackClock "0:00:02"]

1. Nf3 Nf6 2. d4 g6 3. c4 Bg7 4. Nc3 O-O 5. Bg5 d6 6. e3 Nbd7 7. Be2 e5 8. O-O Re8 9. Qc2 c6 10. Rfd1 Qc7 11. b4 exd4 12. Nxd4 a5 13. b5 Nc5 14. bxc6 bxc6 15. Bf3 Bd7 16. Bf4 Rad8 17. Rab1 Ng4 18. Nb3 Ne5 19. Nxc5 dxc5 20. Be4 Be6 21. Na4 Qa7 22. Bxe5 Bxe5 23. Bxc6 Bxh2+ 24. Kh1 Rf8 25. Rb7 Rxd1+ 26. Qxd1 Qa6 27. Rb6 Qxc4 28. Kxh2 Qh4+ 29. Kg1 Rd8 30. Qe2 Bg4 31. f3 Bf5 32. Rb2 c4 33. Rd2 Bd3 34. Qf2 Qe7 35. Be4 Qb4 36. Nb2 Qc3 37. Nxd3 cxd3 38. Qe1 Kg7 39. Kh2 Qe5+ 40. g3 Qc3 41. Qd1 f5 42. Rxd3 Rxd3 43. Bxd3 Qe5 44. Qc2 Qxe3 45. Qe2 Qh6+ 46. Kg2 Qc1 47. Bc4 Qc3 48. Bb3 Qf6 49. f4 Qc6+ 50. Qf3 Qc3 51. Qxc3+ 1-0

[Event "January 2 Late 2024"]
[Site "https://www.chess.com"]
[Date "2024.01.02"]
[Round "5"]
[White "Dobrijevic, Milan"]
[Black "Coelho, Ramyres Santana"]
[Result "1-0"]
[Board "157"]
[TimeControl "180+1"]
[WhiteFideId "931632"]
[BlackFideId "2120690"]
[WhiteElo "2434"]
[BlackElo "2299"]
[WhiteTeam "SRB"]
[BlackTeam "BRA"]
[WhiteClock "0:00:07"]
[BlackClock "0:00:11"]

1. e4 c5 2. Nc3 e6 3. Nf3 a6 4. d4 cxd4 5. Nxd4 Nc6 6. Nxc6 bxc6 7. Bd3 d5 8. Qf3 Nf6 9. O-O Bc5 10. Bg5 h6 11. Bh4 g5 12. Bg3 Be7 13. Rfe1 d4 14. Na4 g4 15. Qe2 h5 16. c3 h4 17. Be5 dxc3 18. Nxc3 Rg8 19. Rad1 Qb6 20. Na4 Qa5 21. Bxf6 Bxf6 22. e5 Qxa4 23. exf6 g3 24. Be4 gxh2+ 25. Kh1 Bd7 26. Qh5 O-O-O 27. Qxf7 Rgf8 28. Qe7 Rfe8 29. Qd6 h3 30. g3 e5 31. Qc5 Kb7 32. f7 Rf8 33. Rxd7+ Rxd7 34. Qxf8 Rd1 35. Qe7+ Kb6 36. Rxd1 Qxd1+ 37. Kxh2 Qf1 38. f8=Q Qb5 39. Qb8+ Ka5 40. Qa3+ Qa4 41. b4# 1-0

[Event "January 2 Late 2024"]
[Site "https://www.chess.com"]
[Date "2024.01.02"]
[Round "5"]
[White "Bryant, Todd"]
[Black "Suich, Peter D"]
[Result "1-0"]
[Board "158"]
[TimeControl "180+1"]
[WhiteFideId "2031299"]
[BlackFideId "2050366"]
[WhiteElo "2275"]
[BlackElo "2432"]
[WhiteTeam "USA"]
[BlackTeam "USA"]
[WhiteClock "0:00:09"]
[BlackClock "0:00:02"]

1. e4 c5 2. Nf3 e6 3. d4 cxd4 4. Nxd4 a6 5. Bd3 Qc7 6. O-O Bc5 7. Nb3 Be7 8. Qe2 d6 9. c4 Nd7 10. f4 Ngf6 11. Nc3 b6 12. Nd4 Bb7 13. b3 b5 14. Bb2 b4 15. Nd5 exd5 16. exd5 g6 17. Rae1 Nc5 18. Nc6 Bxc6 19. Bxf6 O-O 20. Bxe7 Nxd3 21. Qxd3 Rfe8 22. Bf6 Bd7 23. Qg3 h6 24. f5 Kh7 25. fxg6+ fxg6 26. Be7 Bf5 27. Bxd6 Qb6+ 28. c5 Qb7 29. Qh4 Qxd5 30. Re7+ Rxe7 31. Qxe7+ Kg8 32. Be5 Qf7 33. Qxf7+ Kxf7 34. g4 Ke6 35. gxf5+ Kxe5 36. f6 Kd5 37. f7 Rf8 38. Rf6 Kxc5 39. Rxa6 Rxf7 40. Rxg6 Ra7 41. Rg2 Ra6 42. Rc2+ Kb5 43. Kf2 Rf6+ 44. Kg3 Re6 45. Kg4 Re3 46. h4 Rc3 47. Re2 Rc6 48. Rg2 Rd6 49. Kh5 Kc5 50. Rg6 Rd4 51. Rxh6 Rd1 52. Ra6 Kd4 53. Kg6 Kc3 54. h5 Kb2 55. h6 1-0